 Dungeon Sprint DCSS version 0.31-a0-331-geda263fcf1 (webtiles) character file.

Game seed: 11006632932522778967

6070 dialectric the Ninja (level 10, -13/57 HPs)
             Began as a Spriggan Brigand on July 19, 2023.
             Was the Champion of Dithmenos.
             Mangled by a demonic crawler (18 damage)
             ... in the Dungeon (Sprint I: "Red Sonja").
             The game lasted 00:06:45 (852 turns).

dialectric the Ninja (Spriggan Brigand)              Turns: 852, Time: 00:06:46

Health: -13/57     AC:  5    Str:  7    XL:     10   Next: 57%
Magic:  20/20      EV: 24    Int: 14    God:    Dithmenos [******]
Gold:   82         SH:  0    Dex: 20    Spells: 20/22 levels left

rFire   . . .        v - +8 demon blade "Leech" {evervamp, Harm Drain rN+}
rCold   . . .        (no shield)
rNeg    + . .        b - +2 robe {Will+}
rPois   .            (helmet restricted)
rElec   .            c - +0 cloak
rCorr   +            (gloves unavailable)
SInv    +            (boots unavailable)
Will    ++...        (no amulet) Stlth *******+++
                     t - ring of resist corrosion
HPRegen 0.29/turn    (no ring)
MPRegen 0.17/turn

%: no teleportation, harm (+30% outgoing, +20% incoming)
@: wreathed by umbra, very quick
A: very small, no large weapons, unfitting armour, see invisible, speed 3
a: Renounce Religion, Shadow Step, Shadow Form


You were in the Dungeon.
You worshipped Dithmenos.
Dithmenos was exalted by your worship.
You visited 1 branch You collected 1731 gold pieces.
You spent 1649 gold pieces at shops.

Inventory:

Hand Weapons
 a - a +2 dagger
 v - the +8 demon blade "Leech" (weapon) {evervamp, Harm Drain rN+}
   (You bought it in a shop in the Dungeon)

   rN:        It protects you from negative energy.
   Drain:     It drains your maximum health when unequipped.
   Harm:      It increases damage dealt and taken.
Missiles
 d - 8 poisoned darts
 e - 6 curare-tipped darts (quivered)
Armour
 b - a +2 robe of willpower (worn)
 c - a +0 cloak (worn)
 r - a +0 buckler
Jewellery
 t - a ring of resist corrosion (left hand)
Wands
 l - a wand of iceblast (6)
 m - a wand of flame (4)
 p - a wand of quicksilver (3)
 u - a wand of mindburst (5)
Scrolls
 j - a scroll of torment {unknown}
 k - a scroll of blinking
 n - a scroll of silence {unknown}
 o - a scroll of fear {unknown}
 q - 2 scrolls of amnesia {unknown}
 s - 2 scrolls of identify {unknown}
Potions
 f - 4 potions of curing
 g - 2 potions of heal wounds
 h - a potion of haste
 i - 3 potions of magic


   Skills:
 + Level 8.9 Fighting
 - Level 11.1 Short Blades
 - Level 2.0 Throwing
 + Level 9.5 Dodging
 O Level 27 Stealth
 * Level 6.6 Spellcasting
 + Level 2.4 Invocations
 - Level 6.5 Evocations


You had 20 spell levels left.
You knew the following spells:

 Your Spells              Type           Power      Damage    Failure   Level
a - Passwall              Tmut/Erth      3%         N/A       22%         2

Your spell library contained the following spells:

 Spells                   Type           Power      Damage    Failure   Level
 Ensorcelled Hibernation  Hex/Ice        8%         N/A       22%         2
 Swiftness                Air            4%         N/A       41%         3


Dungeon Overview and Level Annotations

Branches:
Dungeon (1/1)

Altars:
Cheibriados
Dithmenos
Elyvilon
Fedhas
Gozag
Hepliaklqana
Kikubaaqudgha
Makhleb
Nemelex Xobeh
Okawaru
Qazlal
Ru
Sif Muna
Trog
Uskayaw
Vehumet
Wu Jian
Xom
Yredelemnul
Zin
The Shining One
Jiyva
Lugonu

Shops:
D *(:?(([=:(**[==[(


Innate Abilities, Weirdness & Mutations

You are very small and have problems with some larger weapons.
You are too small for most types of armour.
You have supernaturally acute eyesight. (SInv)
You cover ground extremely quickly. (Speed+++)


Message History

There is an open door, spattered with blood here.
Things that are here:
a +0 dagger; a +0 robe
There is an open door, spattered with blood here.
There is an open door here.
The demonic crawler gives a hideous shriek! x2
The demonic crawler closely misses you. The demonic crawler hits you.
The demonic crawler completely misses you.
You slice the demonic crawler!!
The demonic crawler is heavily wounded.
Your shadow hits the demonic crawler with a demon blade.
The demonic crawler barely misses you. x2
The demonic crawler completely misses you.
There is an open door here.
There is an open door, spattered with blood here.
There is an open door, spattered with blood here.
Things that are here:
a +0 dagger; a +0 robe The demonic crawler hits you!
You emit a cloud of dark smoke.
The demonic crawler misses you. The demonic crawler closely misses you.
There is an open door here.
Things that are here:
a +0 scythe; a +0 robe
There is an open door here.
There is an open door here.
Things that are here:
a +0 club; a +0 leather armour
There is an open door here.
You see here a +0 giant club.
The demonic crawler barely misses you.
The demonic crawler completely misses you.
The demonic crawler misses you. The demonic crawler hits you.
The demonic crawler misses you. The demonic crawler barely misses you.
The demonic crawler hits you!
* * * LOW HITPOINT WARNING * * *
You emit a cloud of dark smoke.
The demonic crawler completely misses you. x2
The demonic crawler hits you!
You die...

####################
#§§#.)'..#.§§§§#__#.
#§§@..#..'§§#s§§..'.
#ss#####'#####+#__##
#..####..#...#.####)
#..#__####..##.#§~~.
#..#_____##'#_.'~~§§
#⌠⌠#_.∩...'..._#§§~§
####_..__##_.#'##'##
#_____###'#.#....
############.####+##


You could see 2 demonic crawlers.

Vanquished Creatures
  2 centaur warriors (D)
  Sonja (D)
  A deep troll (D)
  An oklob plant (D)
  A shining eye (D)
  2 kobold demonologists (D)
  2 unseen horrors (D)
  A hornet (D)
  A slime creature (D)
  Sigmund (D)
  A yak (D)
  2 redbacks (D)
  3 floating eyes (D)
  An ogre (D)
  7 necrophages (D)
  8 jellies (D)
  Ijyb (D)
  A ballistomycete spore (D)
37 creatures vanquished.

Vanquished Creatures (others)
  A ballistomycete spore (D)
1 creature vanquished.

Grand Total: 38 creatures vanquished

Notes
Turn   | Place    | Note
-------+----------+-------------------------------------------
     0 | D        | dialectric the Spriggan Brigand began the quest for the
                  | Orb.
     0 | D        | Reached XP level 1. HP: 10/10 MP: 2/2
     2 | D        | Noticed Ijyb
     4 | D        | Killed Ijyb
     5 | D        | Reached skill level 9 in Stealth
     5 | D        | Reached XP level 2. HP: 15/15 MP: 3/3
     9 | D        | Noticed an ogre
    25 | D        | Killed an ogre
    26 | D        | Reached skill level 13 in Stealth
    26 | D        | Reached XP level 3. HP: 19/19 MP: 4/4
    26 | D        | Reached XP level 4. HP: 23/23 MP: 5/5
    39 | D        | Noticed Sigmund
    41 | D        | Killed Sigmund
    42 | D        | Reached skill level 17 in Stealth
    42 | D        | Reached XP level 5. HP: 28/28 MP: 6/6
    54 | D        | Found a shimmering blue altar of Sif Muna.
    55 | D        | Found an ornate altar of the Wu Jian Council.
    56 | D        | Found a radiant altar of Vehumet.
    61 | D        | Reached XP level 6. HP: 32/32 MP: 7/7
    74 | D        | Found Voibracs's Weapon Emporium.
    74 | D        | Found an ancient bone altar of Kikubaaqudgha.
    74 | D        | Found a hazy altar of Hepliaklqana.
    74 | D        | Found a hide-covered altar of Uskayaw.
    74 | D        | Found a basalt altar of Yredelemnul.
    74 | D        | Found an opulent altar of Gozag.
    74 | D        | Found a snail-covered altar of Cheibriados.
    74 | D        | Found a sacrificial altar of Ru.
    74 | D        | Found a shadowy altar of Dithmenos.
    74 | D        | Noticed a yak
    75 | D        | Found a stormy altar of Qazlal.
    75 | D        | Found a blossoming altar of Fedhas.
    75 | D        | Found a bloodstained altar of Trog.
    75 | D        | Found an iron altar of Okawaru.
    75 | D        | Found a glowing golden altar of the Shining One.
    75 | D        | Found a glowing silver altar of Zin.
    75 | D        | Found a white marble altar of Elyvilon.
    76 | D        | Killed a yak
    77 | D        | Reached skill level 5 in Short Blades
    77 | D        | Reached skill level 19 in Stealth
    77 | D        | Found a sparkling altar of Nemelex Xobeh.
    83 | D        | Became a worshipper of Dithmenos the Shadowed
   100 | D        | Found a burning altar of Makhleb.
   100 | D        | Found a shimmering altar of Xom.
   100 | D        | Noticed a slime creature
   101 | D        | Found a viscous altar of Jiyva.
   101 | D        | Found a corrupted altar of Lugonu.
   103 | D        | Killed a slime creature
   104 | D        | Reached skill level 20 in Stealth
   104 | D        | Reached XP level 7. HP: 37/37 MP: 8/8
   116 | D        | Noticed a kobold demonologist
   117 | D        | Noticed a kobold demonologist
   129 | D        | Reached skill level 21 in Stealth
   139 | D        | Noticed an orange demon
   140 | D        | Killed a kobold demonologist
   140 | D        | Reached * piety under Dithmenos
   140 | D        | Killed a kobold demonologist
   141 | D        | Reached skill level 5 in Dodging
   141 | D        | Reached skill level 23 in Stealth
   141 | D        | Reached XP level 8. HP: 42/42 MP: 9/9
   182 | D        | Noticed a demonic crawler
   182 | D        | Noticed a demonic crawler
   182 | D        | Noticed a demonic crawler
   182 | D        | Noticed a demonic crawler
   209 | D        | Noticed Sonja
   213 | D        | Killed Sonja
   214 | D        | Reached skill level 5 in Fighting
   214 | D        | Reached skill level 25 in Stealth
   225 | D        | Noticed a deep troll
   229 | D        | Killed a deep troll
   229 | D        | Reached ** piety under Dithmenos
   230 | D        | Reached skill level 26 in Stealth
   230 | D        | Reached XP level 9. HP: 47/47 MP: 10/10
   241 | D        | Found Anexosi's Armour Emporium.
   256 | D        | Bought a +2 robe of willpower for 212 gold pieces
   286 | D        | Found Sis Gong's Assorted Antiques.
   347 | D        | Noticed a shining eye
   347 | D        | Noticed a shining eye
   347 | D        | Noticed a shining eye
   348 | D        | Noticed a shining eye
   348 | D        | Noticed a shining eye
   348 | D        | Noticed a shining eye
   349 | D        | Noticed a shining eye
   349 | D        | Noticed a shining eye
   350 | D        | Killed a shining eye
   351 | D        | Reached skill level 27 in Stealth
   358 | D        | Paralysed by a floating eye for 3 turns
   376 | D        | Noticed a centaur warrior
   378 | D        | Noticed a centaur warrior
   380 | D        | Killed a centaur warrior
   381 | D        | Reached skill level 5 in Evocations
   381 | D        | Killed a centaur warrior
   381 | D        | Reached *** piety under Dithmenos
   382 | D        | Reached skill level 1 in Invocations
   382 | D        | Reached XP level 10. HP: 51/55 MP: 6/11
   390 | D        | Reached skill level 10 in Short Blades
   401 | D        | Noticed an oklob plant
   403 | D        | Killed an oklob plant
   413 | D        | Reached **** piety under Dithmenos
   449 | D        | Reached ***** piety under Dithmenos
   454 | D        | Reached skill level 5 in Spellcasting
   472 | D        | Found Beli's Jewellery Boutique.
   472 | D        | Found Suavvem's Antique Weapon Emporium.
   472 | D        | Found Ighol's Jewellery Emporium.
   485 | D        | Reached ****** piety under Dithmenos
   546 | D        | Found Weloko's Armour Boutique.
   546 | D        | Found Nimeyfo's Assorted Antiques.
   546 | D        | Found Zutt's Assorted Antiques.
   546 | D        | Found Otuonoem's Weapon Emporium.
   546 | D        | Found Helics's Book Boutique.
   546 | D        | Found Poinofy's Jewellery Shoppe.
   546 | D        | Found Puesuh's Armour Shop.
   549 | D        | Found Nafainla's Weapon Emporium.
   550 | D        | Found Beyxkuy's Antique Weapon Boutique.
   550 | D        | Found Ithuceum's Magic Scroll Shoppe.
   551 | D        | Found Doeful's Book Shop.
   637 | D        | Bought a book of Burglary for 260 gold pieces
   640 | D        | Learned a level 2 spell: Passwall
   737 | D        | Bought the +8 demon blade "Leech" {evervamp, Harm Drain
                  | rN+} for 1177 gold pieces
   737 | D        | Found the +8 demon blade "Leech" {evervamp, Harm Drain rN+}
   852 | D        | Mangled by a demonic crawler

Illustrated notes

Levels and vault maps discovered:
D:        dungeon_sprint_1 [red_sonja_temple_1, red_sonja_temple_small_1]

Skill      XL: |  1  2  3  4  5  6  7  8  9 10 |
---------------+-------------------------------+-----
Fighting       | 2 3 4 5 7 8 |  8.9
Stealth        | 9 13 17 20 23 26 27 | 27.0
Short Blades   | 3 4 5 6 7 9 11 | 11.1
Dodging        | 2 3 4 5 8 9 |  9.5
Evocations     | 2 3 6 |  6.5
Invocations    | 1 2 |  2.4
Spellcasting   | 6 |  6.6
Throwing       | |  2.0

Action                     |  1- 3 |  4- 6 |  7- 9 | 10-12 || total
---------------------------+-------+-------+-------+-------++-------
  Melee: Dagger            |     2 |     4 |    18 |    27 ||    51
         Demon blade       |       |       |       |     4 ||     4
         Punch             |       |       |       |     1 ||     1
  Throw: Dart              |     6 |       |     1 |       ||     7
   Cast: Passwall          |       |       |       |     1 ||     1
 Invoke: Shadow Step       |       |       |     1 |     1 ||     2
  Evoke: Wand              |       |       |     4 |     6 ||    10
    Use: Potion            |       |       |     1 |       ||     1
   Stab: Sleeping          |     1 |     4 |     5 |    17 ||    27
 Armour: Robe              |       |       |       |     1 ||     1
  Dodge: Dodged            |     2 |       |     6 |    31 ||    39

Table legend: (Time is in decaauts)
 A = Elapsed time spent in this place.
 B = Non-inter-level travel time spent in this place.
 C = Inter-level travel time spent in this place.
 D = Time resting spent in this place.
 E = Time spent auto-exploring this place.
 F = Levels seen in this place.
 G = Mean time per level.
                   A        B        C        D        E       F      G
               +--------+--------+--------+--------+--------+-----+--------+
         Total |    624 |    549 |     75 |     43 |     63 |   1 |  624.0 |
       Dungeon |    624 |    549 |     75 |     43 |     63 |   1 |  624.0 |
               +--------+--------+--------+--------+--------+-----+--------+

Top non-repeatable levels by time:
       D: 624 daAuts
